 Dungeon Crawl Stone Soup version 0.30.1-3-gfc49f6343a (webtiles) character file.

Game seed: 12361192061071774708

77 Nellin the Trooper (level 4, -2/41 HPs)
             Began as a Gnoll Wanderer on July 30, 2023.
             Was a Follower of Elyvilon.
             Slain by a killer bee (4 damage)
             ... on level 4 of the Dungeon.
             The game lasted 00:09:48 (1332 turns).

Nellin the Trooper (Gnoll Wanderer)                 Turns: 1332, Time: 00:09:49

Health: -2/41      AC:  6    Str: 14    XL:     4   Next: 33%
Magic:  8/8        EV: 10    Int: 10    God:    Elyvilon [*.....]
Gold:   115        SH:  0    Dex: 12    Spells: 8/9 levels left

rFire   . . .        a - +1 hand axe
rCold   . . .        (no shield)
rNeg    . . .        e - +0 ring mail
rPois   .            u - +0 helmet
rElec   .            (no cloak)
rCorr   .            (no gloves)
SInv    .            (no boots)
Will    .....        (no amulet)
Stlth   +            (no ring)
HPRegen 0.26/turn    (no ring)
MPRegen 0.11/turn

%: no passive effects
@: no status effects
A: fangs 1, strong nose, distributed training
a: Renounce Religion, Purification


You were on level 4 of the Dungeon.
You worshipped Elyvilon.
Elyvilon was aware of your devotion.
You visited 1 branch of the dungeon, and saw 4 of its levels.

You collected 115 gold pieces.

Inventory:

Hand Weapons
 a - a +1 hand axe (weapon)
 g - a +0 dagger
 k - a +0 dagger
 p - a +0 dagger
 q - a +0 whip
 r - a +0 club
 s - a +0 club
 t - a +0 dagger
 w - a +0 dagger
 x - a +0 dagger
Missiles
 d - 17 stones
 m - 4 poisoned darts
 n - 3 boomerangs
Armour
 c - a +0 leather armour
 e - a +0 ring mail (worn)
 u - a +0 helmet (worn)
Scrolls
 b - a scroll of fear
 i - 2 scrolls of teleportation {unknown}
Potions
 f - 2 potions of mutation {unknown}
 h - 2 potions of flight {unknown}
 j - 2 potions of heal wounds {unknown}
 l - a potion of berserk rage
 o - a potion of resistance {unknown}
 v - 3 potions of curing {unknown}
 z - 2 potions of brilliance {unknown}
 A - a potion of might {unknown}
 B - a potion of haste {unknown}


   Skills:
 + Level 6.6 Fighting
 + Level 1.1 Short Blades
 + Level 1.1 Long Blades
 + Level 2.7 Axes
 + Level 1.1 Maces & Flails
 + Level 1.1 Polearms
 + Level 1.1 Staves
 + Level 1.1 Ranged Weapons
 + Level 1.1 Throwing
 + Level 2.7 Armour
 + Level 1.1 Dodging
 + Level 2.5 Stealth
 + Level 1.1 Shields
 + Level 1.1 Unarmed Combat
 + Level 3.0 Spellcasting
 + Level 0.9 Conjurations
 + Level 0.9 Hexes
 + Level 0.9 Summonings
 + Level 0.9 Necromancy
 + Level 0.9 Translocations
 + Level 0.9 Transmutations
 + Level 0.9 Fire Magic
 + Level 3.8 Ice Magic
 + Level 0.9 Air Magic
 + Level 0.9 Earth Magic
 + Level 0.9 Poison Magic
 + Level 2.8 Invocations
 + Level 1.1 Evocations


You had 8 spell levels left.
You knew the following spells:

 Your Spells              Type           Power      Damage    Failure   Level
a - Freeze                Ice            36%        1d5       12%         1

Your spell library contained the following spells:

 Spells                   Type           Power      Damage    Failure   Level
 Ensorcelled Hibernation  Hex/Ice        12%        N/A       32%         2
 Blink                    Tloc           6%         N/A       50%         2
 Lesser Beckoning         Tloc           6%         N/A       50%         2
 Momentum Strike          Conj/Tloc      6%         3d8       50%         2
 Ice Form                 Ice/Tmut       6%         N/A       91%         4


Dungeon Overview and Level Annotations

Branches:
Dungeon (4/15)
 Temple: D:4-7

Altars:
Elyvilon
Vehumet


Innate Abilities, Weirdness & Mutations

You have very sharp teeth.
Your uncanny sense of smell can sniff out nearby items.
Your experience applies equally to all skills.


Message History

Found a scroll labelled XISHRA WIOGEGGY.
The killer bee buzzes angrily.
You hear an angry buzzing noise.
A killer bee comes into view.
The killer bee buzzes angrily.
A killer bee comes into view.
You barely miss the killer bee. The killer bee closely misses you.
A killer bee comes into view.
The killer bee closely misses you.
You miss the killer bee. You barely miss the killer bee.
The killer bee stings you.
A killer bee comes into view.
The killer bee stings you. The killer bee closely misses you.
The killer bee barely misses you.
You barely miss the killer bee. You completely miss the killer bee.
You miss the killer bee. The killer bee barely misses you.
The killer bee stings you. x2; The killer bee closely misses you.
The killer bee misses you. The killer bee stings you.
The killer bee stings you but does no damage. x2
The killer bee buzzes angrily.
You hit the killer bee. Your bite misses the killer bee.
The killer bee is lightly wounded.
You miss the killer bee.
You hit the killer bee but do no damage.
You miss the killer bee. The killer bee barely misses you.
The killer bee stings you. x2
The killer bee stings you but does no damage.
The killer bee completely misses you. The killer bee barely misses you.
The killer bee stings you. x2
The killer bee closely misses you. The killer bee barely misses you.
The killer bee attacks as you move away!
The killer bee closely misses you. The killer bee stings you. x2
* * * LOW HITPOINT WARNING * * *
The killer bee stings you.
* * * LOW HITPOINT WARNING * * *
The killer bee stings you but does no damage.
The killer bee attacks as you move away!
The killer bee barely misses you. The killer bee stings you.
* * * LOW HITPOINT WARNING * * *
The killer bee stings you.
You die...

#.#..[...............
#.#.#..................
.........<.............
#####..................
$......................
#####..................
.......................
..###...................
...........@............
#.##.....yyy...........
.∆ #......y............
#......y............
#...................
#...................
#......$............
.....................
∆####............<.....


You could see 5 killer bees.

Vanquished Creatures
  Robin (D:2)
  3 adders
  A dart slug (D:2)
  5 bats
  2 endoplasms (D:2)
  A giant cockroach (D:1)
  10 goblins
  4 hobgoblins
  2 jackals (D:1)
  A ball python (D:1)
  4 frilled lizards
  2 kobolds
  2 rats
38 creatures vanquished.

Notes
Turn   | Place    | Note
-------+----------+-------------------------------------------
     0 | D:1      | Nellin the Gnoll Wanderer began the quest for the Orb.
     0 | D:1      | Nellin set off with the following items: a +1 hand axe, a
                  | scroll of fear, a +0 leather armour; and the following
                  | spell memorised: Freeze; and the following spells available
                  | to memorise: Ensorcelled Hibernation, Ice Form.
     0 | D:1      | Reached XP level 1. HP: 23/23 MP: 4/4
   199 | D:1      | Reached XP level 2. HP: 29/29 MP: 5/5
   532 | D:2      | Reached XP level 3. HP: 35/35 MP: 7/7
   552 | D:2      | Noticed Robin
   579 | D:2      | Reached skill level 1 in Short Blades
   579 | D:2      | Reached skill level 1 in Long Blades
   579 | D:2      | Reached skill level 1 in Maces & Flails
   579 | D:2      | Reached skill level 1 in Polearms
   579 | D:2      | Reached skill level 1 in Staves
   579 | D:2      | Reached skill level 1 in Ranged Weapons
   579 | D:2      | Reached skill level 1 in Throwing
   579 | D:2      | Reached skill level 1 in Dodging
   579 | D:2      | Reached skill level 1 in Shields
   579 | D:2      | Reached skill level 1 in Unarmed Combat
   579 | D:2      | Reached skill level 1 in Evocations
   732 | D:2      | Found a radiant altar of Vehumet.
   771 | D:2      | Killed Robin
   772 | D:2      | Reached XP level 4. HP: 23/41 MP: 8/8
   894 | D:3      | Found a faded altar of an unknown god.
  1051 | D:3      | Prayed at the altar of an unknown god.
  1051 | D:3      | Became a worshipper of Elyvilon the Healer
  1051 | D:3      | Reached * piety under Elyvilon
  1332 | D:4      | HP: 2/41 [killer bee (5)]
  1332 | D:4      | Slain by a killer bee

Illustrated notes

Levels and vault maps discovered:
D:1:      dpeg_arrival_simpleton_a, layout_basic
D:2:      layout_rooms, basic_altar, uniq_robin
D:3:      layout_basic, ebering_ecumenical_altar_sacrificial
D:4:      layout_basic, gammafunk_ghost_nasty_kobolds, grunt_decor_one_mirror

Skill      XL: |  1  2  3 |
---------------+----------+-----
Short Blades   | 1 |  1.1
Long Blades    | 1 |  1.1
Maces & Flails | 1 |  1.1
Polearms       | 1 |  1.1
Staves         | 1 |  1.1
Ranged Weapons | 1 |  1.1
Throwing       | 1 |  1.1
Dodging        | 1 |  1.1
Shields        | 1 |  1.1
Unarmed Combat | 1 |  1.1
Evocations     | 1 |  1.1
Spellcasting   | 3 |  3.0
Fighting       | |  6.6
Axes           | |  2.7
Armour         | |  2.7
Stealth        | |  2.5
Conjurations   | |  0.9
Hexes          | |  0.9
Summonings     | |  0.9
Necromancy     | |  0.9
Translocations | |  0.9
Transmutations | |  0.9
Fire Magic     | |  0.9
Ice Magic      | |  3.8
Air Magic      | |  0.9
Earth Magic    | |  0.9
Poison Magic   | |  0.9
Invocations    | |  2.8

Action                     |  1- 3 |  4- 6 || total
---------------------------+-------+-------++-------
  Melee: Hand axe          |    80 |    34 ||   114
         Bite              |     5 |     2 ||     7
         Punch             |     1 |       ||     1
    Use: Scroll            |     3 |       ||     3
 Armour: Ring mail         |    75 |    21 ||    96
  Dodge: Dodged            |    88 |    40 ||   128
